 Dungeon Crawl Stone Soup version 0.29-a0-817-g9904bce7a6 (webtiles) character file.

Game seed: 6135266193200962618

88 spaghetti the Trooper (level 4, -5/58 HPs)
             Began as an Ogre Delver on July 6, 2022.
             Slain by a black bear (7 damage)
             ... on level 4 of the Dungeon.
             The game lasted 00:01:31 (1097 turns).

spaghetti the Trooper (Ogre Delver)                 Turns: 1097, Time: 00:01:31

Health: -5/58      AC:  3    Str: 16    XL:     4   Next: 54%
Magic:  4/4        EV:  9    Int: 13    God:
Gold:   30         SH:  0    Dex:  8    Spells: 3/3 levels left

rFire   . . .      SeeInvis .   a - +0 hand axe {axe}
rCold   . . .      Faith    .   (no shield)
rNeg    . . .      Spirit   .   b - +0 robe
rPois   .          Reflect  .   (helmet restricted)
rElec   .          Harm     .   (no cloak)
rCorr   .          Rampage  .   (gloves unavailable)
Will    .....                   (boots unavailable)
Stlth   ++........              (no amulet)
HPRegen 0.19/turn               (no ring)
MPRegen 0.09/turn               (no ring)

@: no status effects
A: large, unfitting armour, tough skin 1, clumsy 1, robust 1, noise suppression
a: no special abilities


You were on level 4 of the Dungeon.
You visited 1 branch of the dungeon, and saw 3 of its levels.

You collected 30 gold pieces.


Innate Abilities, Weirdness & Mutations

You are too large for most types of armour.
You have tough skin. (AC +1)
You are clumsy. (Dex -2)
You are robust. (+10% HP)
You passively dampen the noise of your surroundings.


   Skills:
 + Level 6.9 Fighting
 - Level 2.0 Axes
 - Level 1.7 Dodging
 - Level 3.7 Stealth


You had 3 spell levels left.
You didn't know any spells.
Your spell library was empty.

Inventory:

Hand Weapons
 a - a +0 hand axe (weapon) {axe}
Missiles
 e - 6 stones (quivered) {throwing}
Armour
 b - a +0 robe (worn)
Jewellery
 h - a ring of wizardry
   (You found it on level 6 of the Dungeon)
Wands
 g - a wand of digging (6)
Scrolls
 c - a scroll of fog
Potions
 f - a potion of haste {@q3}

Dungeon Overview and Level Annotations

Branches:
Dungeon (6/15) Zot: 16894
 Temple: D:4-7

Altars:

Annotations:
D:5 exclusion: door, Pikel

**,*,,,****,*,,,,,,*,,,,,,,,,,,,,
*,*,,,,,,,,,,,***,***,,,,,,,,,,,
**,*,,,,,,,,,,** *,* **,**,,,,,,,
,,,,,,,,,**,,** *,# *,**,,,,,,,
,,,,,,,,***#,* *.# *,**,,,,,,,
,,,,,,,,*###.*####.****,#.,,,,,,,
,,,,,,,,,....##...,,,,,..,,,,,,,,
,,,,,,,,,......h.#****#.##....,,,
,***,,,**#.....#@# ####.##....,,,
,* *,,,* *,,,#...# #.........#***
,***,,,**#....#..###.........#
,,,,,,,,,...#.#..............#
,,,,,,,,,..............<..>..#
,,,,,,,,,,.........#.........#
,***,,,**#.........#.......>.# ,*
*,,,* #.........#.........#
,***,,,**#.........###########


You could see a black bear.


Message History

Found a stone staircase leading down and a stone staircase leading up.
There is a stone staircase leading down here.
Unknown command.
An endoplasm is nearby!
An endoplasm is nearby!
Unknown command.
The helpless endoplasm fails to defend itself.
You slash the endoplasm!
You kill the endoplasm!
You start resting.
You hear the slow hiss of a very distant avalanche of sand. 😮 HP[+9]
You regained 9 hp, and now have 27/53 hp.
Unknown command.
Key pressed, stopping explore.
You hear the slow hiss of a very distant avalanche of sand.
You hear the slow hiss of a very distant avalanche of sand.
You hear the slow hiss of a very distant avalanche of sand.
e - 6 stones {throwing}
i - a viscous red potion 😎 HP[+26]
Your hp is fully restored (53).
Unknown command.
Unknown command.
Really read
d - a scroll of magic mapping {!r}?
As you read the scroll of magic mapping {!r}, it crumbles to dust.
You feel aware of your surroundings.
You sensed 1 shop/portal.
A black bear comes into view.
Unknown command.
The helpless black bear fails to defend itself.
You slash the black bear! The black bear barely misses you.
The black bear claws you but does no damage.
The black bear closely misses you.
You closely miss the black bear. The black bear bites you!
The black bear barely misses you. x2 😕 HP[-7]
You take 7 damage, and now have 46/53 hp.
You are too injured to fight recklessly!
You are too injured to fight recklessly!
You are too injured to fight recklessly!
You are too injured to fight recklessly!
You are too injured to fight recklessly!
You are too injured to fight recklessly!
You are too injured to fight recklessly!
You are too injured to fight recklessly!
Unknown command.
Unknown command.
You closely miss the black bear. The black bear barely misses you.
The black bear claws you.
The black bear claws you but does no damage. 😕 HP[-1]
You take 1 damage, and now have 45/53 hp.
You hit the black bear but do no damage.
The black bear bites you. The black bear claws you.
The black bear barely misses you. x2; The black bear claws you. x2 😮 HP[-14]
You take 14 damage, and now have 31/53 hp.
MASSIVE DAMAGE!! (PAUSE) Unknown command.
You closely miss the black bear. You punch the black bear.
The black bear bites you. The black bear claws you.
* * * LOW HITPOINT WARNING * * *
The black bear claws you but does no damage. 😨 HP[-5]
You take 5 damage, and now have 26/53 hp.
You hit the black bear but do no damage.
The black bear bites you.
* * * LOW HITPOINT WARNING * * *
The black bear claws you.
* * * LOW HITPOINT WARNING * * *
The black bear claws you.
* * * LOW HITPOINT WARNING * * *
😨 HP[-10]
You take 10 damage, and now have 16/53 hp.
Unknown command.
Unknown command.
Okay, then.
Okay, then.
It was a potion of mutation.
You feel extremely strange.
You feel clumsy.
You feel robust.
You feel your surroundings grow quieter.
The black bear bites you.
* * * LOW HITPOINT WARNING * * *
The black bear claws you but does no damage.
The black bear claws you.
* * * LOW HITPOINT WARNING * * *
😱 HP[-5]
You now have 58 max hp (+5).
Unknown command.
Unknown command.
You hit the black bear but do no damage.
The black bear bites you.
* * * LOW HITPOINT WARNING * * *
The black bear claws you.
* * * LOW HITPOINT WARNING * * *
The black bear barely misses you. 😱 HP[-9]
You take 9 damage, and now have 2/58 hp.
You barely miss the black bear. The black bear bites you!
You die...

Skill      XL: |  1  2  3 |
---------------+----------+-----
Fighting       | 5 6 |  6.9
Axes           | |  2.0
Dodging        | |  1.7
Stealth        | |  3.7

Action                   |  1- 3 |  4- 6 || total
-------------------------+-------+-------++-------
Melee: Hand axe          |    32 |     9 ||    41
       Punch             |       |     1 ||     1
  Use: Scroll            |     1 |     1 ||     2
       Potion            |       |     1 ||     1
 Stab: Sleeping          |     2 |     2 ||     4
Armor: Robe              |     9 |     4 ||    13
Dodge: Dodged            |    12 |     8 ||    20

Levels and vault maps discovered:
D:4:      layout_rooms, enter_ossuary_4, kennysheep_boxes
D:5:      nicolae_cairo_tiling_large_dashed, layout_basic, minivault_23,
          serial_park_tiny_pond, uniq_pikel, uniq_crazy_yiuf_cottage
D:6:      layout_gridville, nicolae_uskayaw_suspiria,
          minmay_temple_entry_gardened_gates, gammafunk_ghost_icy

Notes
Turn   | Place    | Note
-------+----------+-------------------------------------------
     0 | D:5      | spaghetti the Ogre Delver began the quest for the Orb.
     0 | D:5      | Reached XP level 1. HP: 24/24 MP: 1/1
     0 | D:5      | magus.rc [v1.9.6]
     2 | D:5      | Noticed a lemure
     2 | D:5      | Noticed Pikel
   103 | D:6      | Reached XP level 2. HP: 17/33 MP: 2/2
   305 | D:5      | Reached skill level 5 in Fighting
   305 | D:5      | HP: 7/35 [orc/+0 whip (3)]
   576 | D:5      | Noticed a scorpion
   822 | D:5      | Reached XP level 3. HP: 42/42 MP: 3/3
   833 | D:5      | HP: 10/42 [poisoned by a scorpion]
   834 | D:5      | Killed a scorpion
   835 | D:5      | Reached skill level 6 in Fighting
   835 | D:5      | Reached XP level 4. HP: 12/53 MP: 4/4
  1085 | D:4      | Noticed a black bear
  1095 | D:4      | Gained mutation: You are clumsy. (Dex -2) [potion of
                  | mutation]
  1095 | D:4      | Gained mutation: You are robust. (+10% HP) [potion of
                  | mutation]
  1095 | D:4      | Gained mutation: You passively dampen the noise of your
                  | surroundings. [potion of mutation]
  1095 | D:4      | HP: 14/58 [black bear (2)]
  1096 | D:4      | HP: 5/58 [black bear (6)]
  1096 | D:4      | HP: 2/58 [black bear (3)]
  1097 | D:4      | Slain by a black bear

Vanquished Creatures
  A scorpion (D:5)
  2 adders
  5 orcs
  An endoplasm (D:4)
9 creatures vanquished.

Table legend:
 A = Non-vault XP
 B = Vault XP
 C = Vault XP percentage of total XP
 D = Non-vault monster count
 E = Vault monster count
 F = Vault count percentage of total count
                 A         B        C        D         E       F
            +---------+---------+-------+---------+---------+-------
      Total |     127 |       0 |   0.0 |       9 |       0 |   0.0
            +---------+---------+-------+---------+---------+-------
        D:4 |       2 |       0 |   0.0 |       1 |       0 |   0.0
        D:5 |     109 |       0 |   0.0 |       6 |       0 |   0.0
        D:6 |      16 |       0 |   0.0 |       2 |       0 |   0.0
            +---------+---------+-------+---------+---------+-------

Illustrated notes

Table legend:
 A = Kills in this place as a percentage of kills in entire the game.
 B = Kills by you in this place as a percentage of kills by you in the entire game.
 C = Kills by friends in this place as a percentage of kills by friends in the entire game.
 D = Other kills in this place as a percentage of other kills in the entire game.
 E = Experience gained in this place as a percentage of experience gained in the entire game.
 F = Experience gained in this place divided by the number of levels of this place that you have seen.
                   A       B       C       D       E      F
               +-------+-------+-------+-------+-------+----------------------
         Total | 100.0 | 100.0 |   N/A |   N/A | 100.0 |  42.3
       Dungeon | 100.0 | 100.0 |   N/A |   N/A | 100.0 |  42.3
               +-------+-------+-------+-------+-------+----------------------

Table legend: (Time is in decaauts)
 A = Elapsed time spent in this place.
 B = Non-inter-level travel time spent in this place.
 C = Inter-level travel time spent in this place.
 D = Time resting spent in this place.
 E = Time spent auto-exploring this place.
 F = Levels seen in this place.
 G = Mean time per level.
                   A        B        C        D        E       F      G
               +--------+--------+--------+--------+--------+-----+--------+
         Total |   1104 |   1104 |      0 |    416 |    553 |   3 |  368.0 |
       Dungeon |   1104 |   1104 |      0 |    416 |    553 |   3 |  368.0 |
               +--------+--------+--------+--------+--------+-----+--------+

Top non-repeatable levels by time:
     D:5: 577 daAuts
     D:6: 294 daAuts
     D:4: 231 daAuts
